[Event "Team 45 45 League T56"]
[Site "Internet Chess Club"]
[Date "2013.04.21"]
[Round "9"]
[White "carokantor"]
[Black "Sir-Sinister"]
[Result "0-1"]
[WhiteElo "2013"]
[BlackElo "2044"]
[Opening "Queen's pawn: Lundin (Kevitz-Mikenas) defense"]
[ECO "A40"]
[Time "12:30:23"]
[TimeControl "2700+45"]

1. d4 Nc6 2. f4 d5 3. e3 Nf6 4. Nf3 Bg4 5. c3 e6 6. Bd3 Bd6 7. Nbd2 O-O 8. Qc2
Ne7 9. Ne5 Bf5 10. e4 dxe4 11. Nxe4 Nxe4 12. Bxe4 c5 13. Nf3 Rc8 14. Bxf5 Nxf5
15. d5 Qd7 16. g4 Nh6 17. Ng5 g6 18. dxe6 fxe6 19. Qd1 Qc6 20. O-O Be7 21. Nh3
c4 22. Qe2 Bc5+ 23. Nf2 Nf7 24. Bd2 Rce8 25. Be3 e5 26. Bxc5 Qxc5 27. Rae1 exf4
28. Qxe8 Rxe8 29. Rxe8+ Kg7 30. Rfe1 Ng5 31. Kg2 Qd5+ 32. Kf1 Nf3 33. R1e7+ Kh6
34. h3 Qd2 35. g5+ Nxg5 36. h4 f3 37. Rf8 b5 38. Rf6 Nh3 39. Rxf3 Nxf2 40. Rxf2
Qd1+ 41. Kg2 Qg4+ 42. Kh1 Qh3+ 43. Kg1 Qg3+ 44. Rg2 Qd6 45. Rge2 a5 46. R7e5 b4
47. Kg2 Qd3 48. R5e3 Qb1 49. cxb4 axb4 50. a4 bxa3 51. Rxa3 Kh5 52. Rc3 Kxh4 53.
Rxc4+ Kh5 54. b4 g5 55. Rce4 h6 56. Re1 Qc2+ 57. Kg1 Qb3 58. R1e3 Qd1+ 59. Kg2
Qd5 60. Kg3 Qd1 61. Re2 Qg1+ 62. Rg2 Qb6 63. Rh2+ Kg6 64. Rhe2 Qb8+ 65. Kg2 h5
66. Rd4 h4 67. Re6+ Kf5 68. Red6 Qa8+ 69. R4d5+ Kf4 70. Rd8 Qa3 71. Rd3 Qb2+ 72.
Rd2 Qc3 73. R8d3 Qc8 74. b5 Kg4 75. Rd4+ Kh5 76. Rd5 Qg4+ 77. Kh1 Qf3+ 78. Kg1
Qe3+ 79. Kh2 Qg3+ 80. Kh1 h3 81. b6 Kh4 82. b7 g4 83. R5d4 Qf3+ 84. Kh2 Qxb7 85.
Rc4 Qb8+ 86. Kh1 Qb5 87. Rdc2 Qd5+ 88. Kg1 Qf3 89. Kh2 Qg3+ 90. Kh1 Qe1+ 91. Kh2
Qe5+ 92. Kg1 Qe3+ 93. Kh2 Qd3 94. Kg1 Kg5 95. Rc5+ Kf6 96. Rc6+ Kf5 97. R6c5+
Ke6 98. Rc6+ Kd5 99. R6c3 Qd4+ 100. Kh2 Qe5+ 101. Kg1 Kd4 102. Rc4+ Kd3 103. Rc5
Qa1+ 104. Kh2 Qe1 105. Rc6 Qe5+ 106. Kg1 g3 107. R6c3+ Qxc3 108. Rxc3+ Kxc3 109.
Kh1 Kd3 110. Kg1 Ke2 111. Kh1 g2+ 112. Kg1 Kf3 113. Kh2 Kf2 114. Kxh3 g1=R 115.
Kh4 Kf3 116. Kh5 Kf4 {White resigns} 0-1

[Event "Team 45 45 League T56"]
[Site "Internet Chess Club"]
[Date "2013.04.19"]
[Round "9"]
[White "Inquisiteur"]
[Black "Tobiasdelmonte"]
[Result "1/2-1/2"]
[WhiteElo "1634"]
[BlackElo "1917"]
[Opening "Scotch: Schmidt variation"]
[ECO "C45"]
[Time "20:00:20"]
[TimeControl "2700+45"]

1. e4 e5 2. Nf3 Nc6 3. d4 exd4 4. Nxd4 Nf6 5. Nc3 Bb4 6. Nxc6 bxc6 7. Bd3 O-O 8.
O-O Re8 9. Re1 d6 10. h3 h6 11. a3 Ba5 12. b4 Bb6 13. Na4 Bd4 14. c3 Bb6 15.
Nxb6 axb6 16. a4 Ba6 17. b5 cxb5 18. axb5 Bb7 19. Rxa8 Qxa8 20. f3 Qa5 21. Qd2
Nd7 22. Bb2 Qa4 23. Ra1 Qb3 24. Qc2 Qe6 25. c4 Nc5 26. Qc3 Qg6 27. Bc2 Qg3 28.
Qe3 f5 29. Bd4 fxe4 30. Bxc5 bxc5 31. Ra7 Bc8 32. Bxe4 Bxh3 33. Qf2 Qxf2+ 34.
Kxf2 Be6 35. Rxc7 Bxc4 36. b6 Rb8 37. b7 Be6 38. Bd5 Bxd5 39. Rc8+ Kh7 40. Rxb8
Kg6 41. Rd8 Bxb7 42. Rxd6+ Kh7 43. Rd7 Ba6 44. Ra7 Bd3 45. Ke3 c4 46. Kd4 h5 47.
g3 Kh6 48. f4 g6 49. Rc7 Be2 50. Rc6 Bd3 51. Kc3 h4 52. gxh4 Kh5 53. Rc5+ Kxh4
54. Rg5 Kh3 55. Kd4 Kh4 56. Kc3 Kh3 57. Kd4 Kh2 58. Kc3 Kh1 59. Kd4 Kh2 60. Kc3
Kh3 61. Kd4 {Game drawn by repetition} 1/2-1/2

[Event "Team 45 45 League T56"]
[Site "Internet Chess Club"]
[Date "2013.04.19"]
[Round "9"]
[White "vigneshv"]
[Black "NimzoMal"]
[Result "0-1"]
[WhiteElo "1675"]
[BlackElo "1912"]
[Opening "Nimzo-Indian: 4.e3, main line with 8...Bxc3"]
[ECO "E58"]
[Time "17:49:15"]
[TimeControl "2700+45"]

1. d4 Nf6 2. c4 e6 3. Nc3 Bb4 4. e3 O-O 5. Bd3 d5 6. Nf3 c5 7. O-O Nc6 8. a3
Bxc3 9. bxc3 b6 10. cxd5 exd5 11. Ne5 Qc7 12. Nxc6 Qxc6 13. f3 a5 14. Qe2 c4 15.
Bc2 b5 16. e4 Be6 17. Qe1 Nd7 18. Qg3 g6 19. e5 b4 20. Bh6 Rfb8 21. cxb4 axb4
22. axb4 Rxa1 23. Rxa1 Rxb4 24. Qg5 Rb8 25. Ra7 Qb6 26. Ra2 Qxd4+ 27. Qe3 Qxe3+
28. Bxe3 Nxe5 29. Bf4 f6 30. Ra6 Re8 31. Ba4 Re7 32. Bh6 Kf7 33. Ra8 Bd7 34. Bc2
d4 35. Rf8+ Ke6 36. Rb8 d3 37. Bd1 c3 38. Bb3+ Kd6 39. Rf8 Kc5 40. Rxf6 c2 41.
Be3+ Kb4 42. Rb6+ Kc3 43. Bc1 Nc6 44. Bg8 Re1+ {White resigns} 0-1

[Event "Team 45 45 League T56"]
[Site "Internet Chess Club"]
[Date "2013.04.21"]
[Round "9"]
[White "ILRE"]
[Black "M-Tuzel"]
[Result "0-1"]
[WhiteElo "1568"]
[BlackElo "1638"]
[Opening "English: four knights, kingside fianchetto"]
[ECO "A29"]
[Time "10:00:07"]
[TimeControl "2700+45"]

1. c4 e5 2. Nc3 Nf6 3. Nf3 Nc6 4. g3 d5 5. cxd5 Nxd5 6. d3 Bb4 7. Bd2 O-O 8. Bg2
Be6 9. O-O Nf6 10. Rc1 h6 11. Na4 Bd6 12. a3 Nd7 13. b4 a6 14. Be3 f5 15. Nc5
Nxc5 16. Bxc5 Bd5 17. Nd4 Bxg2 18. Ne6 Qe7 19. Nxf8 Bxf1 20. Bxd6 cxd6 21. Ng6
Qe6 22. Nh4 Bh3 23. Qd2 Rf8 24. a4 f4 25. b5 axb5 26. axb5 Nd4 27. Rc7 g5 28.
Nf3 fxg3 29. hxg3 Rxf3 30. Qa5 Nxe2+ 31. Kh1 Rf8 32. b6 Bf1 {White resigns} 0-1

[Event "Team 45 45 League T56"]
[Site "Internet Chess Club"]
[Date "2013.04.19"]
[Round "9"]
[White "BigH"]
[Black "flyingpawns"]
[Result "1-0"]
[WhiteElo "2089"]
[BlackElo "1828"]
[Opening "Levitsky attack (Queen's bishop attack)"]
[ECO "D00"]
[Time "10:23:57"]
[TimeControl "2700+45"]

1. d4 d5 2. Bg5 Nf6 3. Bxf6 exf6 4. e3 Bd6 5. Ne2 Bf5 6. Nd2 Nd7 7. g3 c6 8. Bg2
Qc7 9. O-O O-O 10. c4 dxc4 11. Nxc4 Rfe8 12. Rc1 Rad8 13. Nc3 Nb6 14. Nxd6 Qxd6
15. Qb3 Be6 16. Qc2 Nd5 17. Qa4 a6 18. a3 Nxc3 19. bxc3 Bd5 20. c4 Bxc4 21. Qxc4
Qxa3 22. Qc5 Qa2 23. Rb1 Rd7 24. Rb6 h6 25. Rfb1 Ree7 26. Bxc6 bxc6 27. Rb8+ Kh7
28. Qf5+ g6 29. Qxf6 {Black resigns} 1-0

[Event "Team 45 45 League T56"]
[Site "Internet Chess Club"]
[Date "2013.04.20"]
[Round "9"]
[White "Helaman"]
[Black "zap2"]
[Result "1-0"]
[WhiteElo "1888"]
[BlackElo "1789"]
[Opening "Caro-Kann: advance variation"]
[ECO "B12"]
[Time "15:13:53"]
[TimeControl "2700+45"]

1. e4 c6 2. d4 d5 3. e5 Bf5 4. Nf3 e6 5. Be2 Ne7 6. O-O Nd7 7. Nbd2 c5 8. c4
cxd4 9. Nxd4 Nxe5 10. Qa4+ Qd7 11. Qxd7+ Kxd7 12. cxd5 exd5 13. N2b3 Rc8 14. Bf4
f6 15. Nxf5 Nxf5 16. Rfd1 Kd6 17. Rd2 g5 18. Bg4 gxf4 19. Bxf5 Rc7 20. Rad1 Rg8
21. Rxd5+ Ke7 22. Nd4 Rg5 23. Ne6 Rxf5 24. Nxc7 h5 25. h3 h4 26. Nb5 a6 27. Nd6
Rg5 28. Kf1 b5 29. Ne4 Rg6 30. Rd6 f5 31. Rxg6 Nxg6 32. Nc5 a5 33. Rd5 Kf6 34.
Nd7+ Ke6 35. Nxf8+ Kxd5 36. Nxg6 Ke4 37. Nxh4 Kd3 38. Nxf5 a4 39. h4 Kc2 40. h5
Kxb2 41. h6 Kxa2 42. h7 b4 43. h8=Q b3 44. Qc3 b2 45. Qc4+ Ka3 46. Qc5+ Ka2 47.
Qc4+ Ka3 48. Qb5 f3 49. Nd4 fxg2+ 50. Kxg2 b1=Q 51. Qc5+ Ka2 52. Qc4+ Kb2 53.
Qb4+ Kc1 54. Ne2+ Kc2 55. Qc3+ Kd1 56. Kf1 a3 57. f3 a2 58. Nd4 Qb4 59. Qc2#
{Black checkmated} 1-0

[Event "Team 45 45 League T56"]
[Site "Internet Chess Club"]
[Date "2013.04.20"]
[Round "9"]
[White "latayvia"]
[Black "LittleButton"]
[Result "0-1"]
[WhiteElo "1783"]
[BlackElo "1835"]
[Opening "Kevitz-Trajkovich defense"]
[ECO "A50"]
[Time "13:00:24"]
[TimeControl "2700+45"]

1. d4 Nf6 2. c4 Nc6 3. Nf3 e6 4. Nc3 Bb4 5. Qc2 O-O 6. a3 Bxc3+ 7. Qxc3 d6 8. b4
e5 9. dxe5 Nxe5 10. Nxe5 dxe5 11. Qxe5 Re8 12. Qb2 a5 13. Bg5 axb4 14. axb4
Rxa1+ 15. Qxa1 Qd3 16. f3 Qxc4 17. Bxf6 gxf6 18. Qb2 Qe6 19. e4 f5 20. Bd3 fxe4
21. fxe4 Qb6 22. Qd2 Bf5 23. Qg5+ Qg6 24. Qxg6+ hxg6 25. O-O Bxe4 26. Bc4 Bf5
27. g4 Be6 28. Re1 Kf8 29. Bxe6 Rxe6 30. Rxe6 fxe6 31. Kf2 g5 32. Ke3 Ke7 33.
Ke4 c6 34. Ke5 b6 35. h3 c5 36. bxc5 bxc5 {White resigns} 0-1

[Event "Team 45 45 League T56"]
[Site "Internet Chess Club"]
[Date "2013.04.20"]
[Round "9"]
[White "justice02"]
[Black "badmove"]
[Result "1-0"]
[WhiteElo "1717"]
[BlackElo "1648"]
[Opening "Queen's pawn game"]
[ECO "D02"]
[Time "17:14:26"]
[TimeControl "2700+45"]

1. Nf3 d5 2. d4 e6 3. Bf4 Nf6 4. e3 c5 5. c3 Nc6 6. Bd3 Bd6 7. Bg3 O-O 8. Nbd2
Qe7 9. Ne5 Qc7 10. Ng4 Nxg4 11. Qxg4 f5 12. Bxd6 Qxd6 13. Qg3 Qe7 14. Nf3 c4 15.
Bc2 Rf6 16. Ne5 Nxe5 17. Qxe5 Bd7 18. O-O Bc6 19. a4 a5 20. Rae1 b5 21. axb5
Bxb5 22. Ra1 Qd7 23. Ra3 a4 24. Rfa1 Rg6 25. b4 cxb3 26. Bxb3 Rc8 27. Bxa4 Bxa4
28. Rxa4 Rf6 29. Ra8 Rff8 30. R8a7 {Black resigns} 1-0

[Event "Team 45 45 League T56"]
[Site "Internet Chess Club"]
[Date "2013.04.23"]
[Round "9"]
[White "Chess-Dream"]
[Black "Shijith"]
[Result "1/2-1/2"]
[WhiteElo "2157"]
[BlackElo "2098"]
[Opening "King's Indian: orthodox, Aronin-Taimanov, 9.Ne1"]
[ECO "E98"]
[Time "12:14:48"]
[TimeControl "2700+45"]

1. Nf3 Nf6 2. c4 g6 3. Nc3 Bg7 4. e4 d6 5. d4 O-O 6. Be2 e5 7. O-O Nc6 8. d5 Ne7
9. Ne1 Nd7 10. Be3 f5 11. f3 f4 12. Bf2 g5 13. g4 h5 14. h3 Rf6 15. Nd3 Rh6 16.
c5 hxg4 17. hxg4 Kf7 18. Kg2 Ng6 19. Rh1 Nh4+ 20. Kf1 b6 21. cxd6 cxd6 22. Nb4
Bb7 23. Nc6 Qh8 24. Nb5 a6 25. Nc7 Rc8 26. Nxa6 Nxf3 27. Rxh6 Qxh6 28. Bxf3
Bxa6+ 29. Kg2 Rh8 30. Qh1 Qxh1+ 31. Rxh1 Rxh1 32. Kxh1 Nc5 33. b4 Na4 34. Kg2
Bc4 35. a3 b5 36. Ba7 Bf8 37. Bd1 Bd3 38. Nd8+ Ke8 39. Ne6 Be7 40. Bxa4 bxa4 41.
Kf3 Kd7 {Game drawn by mutual agreement} 1/2-1/2

[Event "Team 45 45 League T56"]
[Site "Internet Chess Club"]
[Date "2013.04.20"]
[Round "9"]
[White "seikster"]
[Black "Pason"]
[Result "1-0"]
[WhiteElo "1868"]
[BlackElo "1954"]
[Opening "French: Tarrasch, closed variation, main line"]
[ECO "C06"]
[Time "13:01:23"]
[TimeControl "2700+45"]

1. e4 e6 2. d4 d5 3. Nd2 Nf6 4. e5 Nfd7 5. Bd3 c5 6. c3 Nc6 7. Ne2 cxd4 8. cxd4
f6 9. exf6 Nxf6 10. Nf3 Bd6 11. O-O O-O 12. Nc3 a6 13. Bg5 Qe8 14. Re1 Qh5 15.
h3 Bd7 16. Qd2 Rae8 17. Ne5 Bc8 18. Be2 Qxg5 19. Qxg5 Nxd4 20. Bd3 Bc5 21. Rac1
Ba7 22. Re3 Re7 23. Ng4 Rc7 24. Nxf6+ Rxf6 25. Rg3 Rf8 26. Kh2 Rcf7 27. Qh6 Nf5
28. Bxf5 exf5 29. Nxd5 f4 30. Nf6+ {Black resigns} 1-0

[Event "Team 45 45 League T56"]
[Site "Internet Chess Club"]
[Date "2013.04.21"]
[Round "9"]
[White "PhoebeXYZ"]
[Black "Nb4"]
[Result "1/2-1/2"]
[WhiteElo "2104"]
[BlackElo "1919"]
[Opening "Caro-Kann: Panov-Botvinnik attack"]
[ECO "B13"]
[Time "05:02:12"]
[TimeControl "2700+45"]

1. e4 c6 2. d4 d5 3. exd5 cxd5 4. c4 Nf6 5. Nc3 Nc6 6. Bg5 Be6 7. Nf3 g6 8. c5
Bg7 9. Qb3 Qd7 10. O-O-O O-O 11. h4 Ne4 12. Be3 b6 13. Bb5 Nxc3 14. Qxc3 bxc5
15. Bxc6 Qxc6 16. Qxc5 Qa4 17. Qa3 Qxa3 18. bxa3 Rab8 19. Kd2 Bg4 20. Rb1 Bxf3
21. gxf3 h5 22. Rb4 Bf6 23. Kd3 Rb6 24. Bg5 Bxg5 25. hxg5 Rfb8 26. Rhb1 Kf8 27.
Ke3 Ke8 28. f4 e6 29. Kf3 Kd7 30. Ke3 Rc8 31. Rxb6 axb6 32. f5 exf5 33. Rxb6
Rc3+ 34. Kf4 Rxa3 35. Rb7+ Ke6 36. Rb6+ Ke7 37. Rb2 h4 38. Ke5 h3 39. f4 Ra5
{Game drawn by mutual agreement} 1/2-1/2

[Event "Team 45 45 League T56"]
[Site "Internet Chess Club"]
[Date "2013.04.22"]
[Round "9"]
[White "bat30"]
[Black "Freitac"]
[Result "1/2-1/2"]
[WhiteElo "1886"]
[BlackElo "1949"]
[Opening "Grünfeld: modern exchange variation"]
[ECO "D90"]
[Time "19:02:27"]
[TimeControl "2700+45"]

1. d4 Nf6 2. Nf3 g6 3. c4 Bg7 4. Nc3 d5 5. cxd5 Nxd5 6. e4 Nxc3 7. bxc3 c5 8.
Be2 Nc6 9. Be3 Bg4 10. e5 O-O 11. h3 cxd4 12. cxd4 Be6 13. O-O Qd7 14. Qd2 Rfd8
15. Rac1 Bd5 16. Ne1 Be6 17. Nf3 Rac8 18. Rfd1 a6 19. Qb2 b5 20. Ng5 Bd5 21. Bf3
Na5 22. Bxd5 Qxd5 23. Qb4 Nc6 24. Qb3 e6 25. Nf3 Qxb3 26. axb3 Nb4 27. Bd2 Nd5
28. Ba5 Re8 29. Bd2 Bf8 30. Ng5 Ba3 31. Ra1 Bb2 32. Rxa6 Bxd4 33. Nf3 Bc3 34.
Bxc3 Rxc3 35. Nd4 b4 36. Ra7 Rec8 37. Rb7 R8c7 38. Rxc7 Nxc7 39. Kf1 Na6 40. Ra1
Nc5 41. Ra8+ Kg7 42. Rb8 Nxb3 43. Rxb4 Nxd4 44. Rxd4 {Game drawn by mutual
agreement} 1/2-1/2

[Event "Team 45 45 League T56"]
[Site "Internet Chess Club"]
[Date "2013.04.21"]
[Round "9"]
[White "Helaman"]
[Black "Innes"]
[Result "1-0"]
[WhiteElo "1896"]
[BlackElo "1686"]
[Opening "Ruy Lopez: modern Steinitz defense"]
[ECO "C75"]
[Time "18:02:50"]
[TimeControl "2700+45"]

1. e4 e5 2. Nf3 Nc6 3. Bb5 a6 4. Ba4 d6 5. c3 Bd7 6. O-O Nge7 7. d4 h6 8. Be3
Ng6 9. Nbd2 Be7 10. Re1 Bg5 11. Nf1 O-O 12. Nxg5 hxg5 13. d5 Nb8 14. Bxd7 Nxd7
15. c4 f6 16. g3 Kf7 17. Qg4 Qe7 18. b4 Rh8 19. Rec1 b6 20. Rc3 a5 21. c5 bxc5
22. bxc5 Rab8 23. cxd6 cxd6 24. Rc7 Ngf8 25. Rac1 Rb4 26. Ra7 Kg8 27. Rcc7 f5
28. Bxg5 Qe8 29. Qxf5 g6 30. Rxd7 Nxd7 31. Qxd7 Qxd7 32. Rxd7 Rb6 33. Ne3 Rh7
34. Rd8+ Kg7 35. Nc4 Rb1+ 36. Kg2 Rh5 37. h4 Rb4 38. Nxd6 Ra4 39. Rd7+ Kg8 40.
Rd8+ Kg7 41. Rd7+ Kg8 42. Bf6 g5 43. Rd8+ Kh7 44. Bxe5 gxh4 45. Rh8+ Kg6 46.
Rg8+ Kh7 47. Rg7+ Kh6 48. Nf7# {Black checkmated} 1-0

[Event "Team 45 45 League T56"]
[Site "Internet Chess Club"]
[Date "2013.04.23"]
[Round "9"]
[White "Packerfan"]
[Black "badmove"]
[Result "1-0"]
[WhiteElo "1849"]
[BlackElo "1640"]
[Opening "Sicilian: Alapin's variation (2.c3)"]
[ECO "B22"]
[Time "08:37:17"]
[TimeControl "2700+45"]

1. e4 c5 2. c3 Nf6 3. e5 Nd5 4. d4 cxd4 5. Qxd4 e6 6. Nf3 Nc6 7. Qe4 f5 8. exf6
Nxf6 9. Qh4 e5 10. Bc4 e4 11. Nfd2 d5 12. Bb3 a6 13. O-O Ne5 14. Bc2 Ng6 15. Qg3
Bd6 16. Qe3 Bxh2+ 17. Kh1 Ng4 18. Qe1 O-O 19. f3 exf3 20. Nxf3 Bf4 21. Bxg6 hxg6
22. Bxf4 Rxf4 23. Nbd2 Kf7 24. Ne5+ Nxe5 25. Rxf4+ Ke6 26. Nf3 Qg5 {Black
resigns} 1-0

[Event "Team 45 45 League T56"]
[Site "Internet Chess Club"]
[Date "2013.04.23"]
[Round "9"]
[White "ILRE"]
[Black "amicusUK"]
[Result "1-0"]
[WhiteElo "1595"]
[BlackElo "1630"]
[Opening "QGD: exchange, positional line"]
[ECO "D35"]
[Time "17:00:33"]
[TimeControl "2700+45"]

1. c4 e6 2. Nc3 d5 3. cxd5 exd5 4. d4 Nf6 5. Bg5 Be7 6. e3 c6 7. Bd3 O-O 8. Qc2
Nbd7 9. Nf3 Re8 10. O-O Nf8 11. h3 Nh5 12. Bxe7 Qxe7 13. Rab1 Be6 14. b4 Rac8
15. Rfc1 Nf6 16. Na4 N6d7 17. Nc5 Nb8 18. Nxe6 fxe6 19. Ne5 Nbd7 20. f4 Nxe5 21.
fxe5 Qg5 22. Qe2 Ng6 23. Bxg6 Qxg6 24. Rb2 Rf8 25. Rbc2 Rf7 26. Qd2 Rcf8 27. Qc3
Qg3 28. Qe1 Qg5 29. Kh2 Qf5 30. Qg3 Qd3 31. Rc3 Qf5 32. Qg4 Qxg4 33. hxg4 Rf2
34. R1c2 Rxc2 35. Rxc2 Rf7 36. a4 Kf8 37. Kg3 g5 38. b5 Rc7 39. Rf2+ Rf7 40. Rc2
Rc7 41. Kf3 Ke8 42. Ke2 Kd7 43. Rb2 cxb5 44. axb5 b6 45. Kd3 Ke8 46. e4 dxe4+
47. Kxe4 Rc3 48. Ra2 Rc7 49. Kd3 Kd8 50. Rf2 Ke8 51. Rf6 Re7 52. Ke4 Kd7 53. d5
exd5+ 54. Kxd5 Kc7 55. e6 Kd8 56. Rf7 Ke8 57. Rf5 Rc7 58. Kd6 Rg7 59. Rf3 Kd8
60. Rf7 Rg8 61. Rxa7 Rg6 62. Ra8# {Black checkmated} 1-0

[Event "Team 45 45 League T56"]
[Site "Internet Chess Club"]
[Date "2013.04.22"]
[Round "9"]
[White "stanbeers"]
[Black "PaulRichard"]
[Result "1-0"]
[WhiteElo "1511"]
[BlackElo "1522"]
[Opening "Nimzo-Indian: 4.e3, Gligoric system with 7...dc"]
[ECO "E54"]
[Time "20:00:08"]
[TimeControl "2700+45"]

1. d4 Nf6 2. c4 e6 3. Nc3 Bb4 4. Nf3 c5 5. e3 O-O 6. Be2 d5 7. O-O dxc4 8. Bxc4
cxd4 9. exd4 b6 10. Bf4 Bxc3 11. bxc3 Nd5 12. Bd2 Bb7 13. Be2 Nc6 14. Qc2 Rc8
15. Qb2 Na5 16. Rac1 Nc4 17. Bxc4 Rxc4 18. Ne5 Rc8 19. f3 f6 20. Ng4 Ba6 21.
Rfe1 Re8 22. Qa3 Bc4 23. Ne3 Nxe3 24. Bxe3 Qc7 25. Bf2 Re7 26. Bg3 Qc6 27. Qxe7
{Black resigns} 1-0

[Event "Team 45 45 League T56"]
[Site "Internet Chess Club"]
[Date "2013.04.19"]
[Round "9"]
[White "BYOB69"]
[Black "Schack"]
[Result "1-0"]
[WhiteElo "1867"]
[BlackElo "1668"]
[Opening "Queen's pawn, Mason variation"]
[ECO "D00"]
[Time "21:00:21"]
[TimeControl "2700+45"]

1. d4 d5 2. Bf4 Nf6 3. e3 c5 4. c3 Nc6 5. Nd2 Bf5 6. Ngf3 Qb6 7. Qb3 c4 8. Qxb6
axb6 9. Be2 b5 10. O-O b4 11. h3 h6 12. Ne5 Nxe5 13. Bxe5 Nd7 14. cxb4 Nb6 15.
Bf3 e6 16. a3 Bd3 17. Rfe1 Na4 18. b3 Nb6 19. bxc4 Nxc4 20. Nxc4 Bxc4 21. e4 f6
22. Bc7 Kd7 23. Bb6 Bd6 24. Bc5 Bxc5 25. dxc5 Ra4 26. exd5 Bxd5 27. Bxd5 exd5
28. Rad1 Rxa3 29. Rxd5+ Kc8 30. Re7 Rb3 31. Rxg7 Rxb4 32. Rdd7 Rb1+ 33. Kh2 Rb2
34. Kg3 Rb5 35. Rc7+ Kb8 36. Rcf7 Rxc5 37. Rxb7+ Kc8 38. Ra7 Kb8 39. Rgb7+ Kc8
40. Rf7 Kb8 41. Ra6 Rg8+ 42. Kh2 Rcg5 43. g3 Rf5 44. Raxf6 Rxf6 45. Rxf6 h5 46.
Rf7 Kc8 47. h4 Rh8 48. Kg2 Kd8 49. f4 Ke8 50. Ra7 Rh6 51. Kf3 Kf8 52. Ke4 Rg6
53. Kf3 Kg8 54. Ra5 Rh6 55. Ke4 Kf7 56. f5 Rb6 57. Kf4 Kf6 58. Ra4 Rb3 59. g4
hxg4 60. Kxg4 Rb1 61. Ra6+ Kg7 62. Rg6+ Kh7 63. Kg5 Rb5 64. h5 Ra5 65. Rb6 Ra1
66. Rb7+ Kg8 67. Kg6 Ra6+ 68. f6 Ra8 69. Rg7+ Kh8 70. Rh7+ Kg8 71. f7+ {Black
resigns} 1-0

[Event "Team 45 45 League T56"]
[Site "Internet Chess Club"]
[Date "2013.04.21"]
[Round "9"]
[White "drsigmund1"]
[Black "elessar"]
[Result "0-1"]
[WhiteElo "1572"]
[BlackElo "1627"]
[Opening "Queen's pawn game"]
[ECO "D02"]
[Time "14:00:09"]
[TimeControl "2700+45"]

1. d4 d5 2. Nf3 e6 3. Bf4 Bd6 4. Bg5 Be7 5. Bd2 Nf6 6. Bf4 Bd6 7. Ne5 Nbd7 8.
Nd2 Nh5 9. e3 Nxf4 10. exf4 O-O 11. Bd3 Nf6 12. g4 c5 13. c3 Qb6 14. g5 Ne8 15.
Qc2 f5 16. gxf6 Nxf6 17. Ndf3 c4 18. Be2 Ne4 19. Nxc4 dxc4 20. Qxe4 Rxf4 21. Qc2
Qc6 22. Qd1 b6 23. Rg1 Bb7 24. Ng5 Be7 25. Nh3 Rf6 26. Qd2 Bd6 27. O-O-O Raf8
28. Rdf1 Bxh2 29. Rh1 Qg2 30. f3 Qxh3 31. Qc2 Bf4+ 32. Kd1 Qf5 33. Qa4 Qb1#
{White checkmated} 0-1

[Event "Team 45 45 League T56"]
[Site "Internet Chess Club"]
[Date "2013.04.20"]
[Round "9"]
[White "Hal2001"]
[Black "SpeedBlade"]
[Result "0-1"]
[WhiteElo "1654"]
[BlackElo "1680"]
[Opening "Caro-Kann: classical variation"]
[ECO "B18"]
[Time "12:06:14"]
[TimeControl "2700+45"]

1. e4 c6 2. d4 d5 3. Nc3 dxe4 4. Nxe4 Bf5 5. Ng3 Bg6 6. N1e2 e6 7. Nf4 Qc7 8.
Nxg6 hxg6 9. Qf3 Nf6 10. Bf4 Bd6 11. Bxd6 Qxd6 12. O-O-O Rh4 13. c3 Qd5 14. Qxd5
cxd5 15. f3 g5 16. h3 g6 17. Be2 Kf8 18. Nf1 Kg7 19. g3 Rh6 20. g4 Nc6 21. Ne3
Rah8 22. Bf1 Ne8 23. c4 Nc7 24. cxd5 exd5 25. a3 Re8 26. Rd3 Rhh8 27. Kd2 Rd8
28. Kc3 Nb5+ 29. Kd2 Nbxd4 30. Bg2 Ne6 31. Nxd5 Ne5 32. f4 Nxd3 33. Kxd3 Nxf4+
34. Ke4 Rxd5 {White resigns} 0-1

[Event "Team 45 45 League T56"]
[Site "Internet Chess Club"]
[Date "2013.04.20"]
[Round "9"]
[White "sdcohle"]
[Black "ricnic"]
[Result "0-1"]
[WhiteElo "1408"]
[BlackElo "1576"]
[Opening "QGD: Marshall defense"]
[ECO "D06"]
[Time "13:00:54"]
[TimeControl "2700+45"]

1. d4 d5 2. c4 Nf6 3. cxd5 Nxd5 4. e4 Nf6 5. e5 Nd5 6. Nf3 Bg4 7. Be2 e6 8. O-O
Be7 9. a3 Nd7 10. b4 O-O 11. Bd2 c6 12. Nc3 Nxc3 13. Bxc3 Nb6 14. Rc1 Bf5 15.
Bd3 Bxd3 16. Qxd3 Nd5 17. Bd2 Qb6 18. Ng5 Bxg5 19. Bxg5 a5 20. bxa5 Rxa5 21. Rb1
Qa7 22. Rb3 Ra8 23. Ra1 Ra4 24. Bd2 Rxd4 25. Rxb7 Rxd3 26. Rxa7 Rxa7 27. Rb1 h6
28. Bb4 Nxb4 29. axb4 Rad7 30. g3 Rd1+ 31. Rxd1 Rxd1+ 32. Kg2 Rb1 33. f4 Rxb4
34. h4 c5 35. Kf3 Rb8 36. Kg4 c4 37. h5 c3 38. f5 exf5+ 39. Kxf5 c2 40. g4 c1=Q
41. Ke4 Qg5 42. Kd5 Qd2+ 43. Ke4 Rb4+ 44. Kf5 Qg5# {White checkmated} 0-1

[Event "Team 45 45 League T56"]
[Site "Internet Chess Club"]
[Date "2013.04.19"]
[Round "9"]
[White "medsurg"]
[Black "Aquaman"]
[Result "1-0"]
[WhiteElo "1354"]
[BlackElo "1351"]
[Opening "QP counter-gambit: Maroczy gambit"]
[ECO "C40"]
[Time "21:00:15"]
[TimeControl "2700+45"]

1. e4 e5 2. Nf3 d5 3. exd5 Bd6 4. Nc3 Nf6 5. d3 O-O 6. Bg5 Nbd7 7. Qd2 h6 8. Bh4
Qe8 9. O-O-O Bb4 10. a3 Bxc3 11. Qxc3 Nxd5 12. Qb3 c6 13. d4 exd4 14. Nxd4 N5f6
15. Nf5 Kh8 16. Qg3 Rg8 17. Bxf6 Nxf6 18. Nd6 Qf8 19. Bc4 Be6 20. Bxe6 fxe6 21.
Rhe1 Nh5 22. Qg6 Qf4+ 23. Kb1 Rgf8 24. Qxh5 Rad8 25. Nf7+ Qxf7 26. Qxf7 Rxf7 27.
Rxd8+ Kh7 28. f3 Rf6 29. Rd7 Rg6 30. Re2 Rf6 31. Rxb7 {Black resigns} 1-0

[Event "Team 45 45 League T56"]
[Site "Internet Chess Club"]
[Date "2013.04.20"]
[Round "9"]
[White "semperfi"]
[Black "AnthonySinkface"]
[Result "0-1"]
[WhiteElo "1353"]
[BlackElo "1160"]
[Opening "Queen's pawn game"]
[ECO "D02"]
[Time "14:00:19"]
[TimeControl "2700+45"]

1. d4 d5 2. Nf3 e6 3. e3 Nd7 4. Bd3 Ngf6 5. Nbd2 c5 6. c3 c4 7. Bc2 Bd6 8. e4
dxe4 9. Nxe4 Nxe4 10. Bxe4 Nf6 11. Bg5 h6 12. Bxf6 Qxf6 13. Qa4+ Bd7 14. Qxc4
Rc8 15. Qe2 b6 16. O-O O-O 17. Bd3 Bc6 18. Be4 Bxe4 19. Qxe4 Qf4 20. Qxf4 Bxf4
21. g3 Bd6 22. Rfe1 Rfe8 23. a4 Rb8 24. Ne5 Bxe5 25. Rxe5 a6 26. b4 b5 27. axb5
Rxb5 28. Rxb5 axb5 29. Ra5 Rc8 30. Rxb5 Rxc3 31. Rc5 Rd3 32. Rc4 Rd1+ 33. Kg2
Rb1 34. Kf3 Rb3+ 35. Kg2 g6 36. Rc8+ Kg7 37. Rb8 Rd3 38. b5 Rxd4 39. b6 Rb4 40.
Kf3 Kf6 41. Ke3 Ke5 42. f4+ Kd5 43. b7 Rb3+ 44. Kd2 Kc6 45. Kc2 Rxb7 46. Rxb7
Kxb7 47. Kd3 Kc7 48. Kd4 Kd6 49. Ke4 f6 50. g4 f5+ 51. Kf3 h5 52. gxh5 gxh5 53.
Kg3 e5 54. fxe5+ Kxe5 55. Kf3 f4 56. h3 Kf5 57. Kf2 Ke4 58. h4 f3 {White
resigns} 0-1